Cogmind - Beta 12 @@@ ROGUE MODE // 2023.03.27 @ 01:56:21 Player: omewwes Result: Destroyed by MAIN.C with High-powered Disruptor Cannon Performance ------------- Evolutions (9) 4500 Regions Visited (28) 5600 Robots Destroyed (293) 1465 Value Destroyed (20502) 20502 Prototype IDs (30) 600 Alien Tech Used (0) 0 Bonus (18627) 18627 TOTAL SCORE: 51294 Bonus ------- High Alert Combat Kills 1249 Follower Combat Kills 10241 Entered Garrisons 1800 Used RIF Installer 4000 Network Hubs Disabled 200 Built Enhanced Grunts 300 Met R17 at Cetus 500 Destroyed MAIN.C Guards 500 Met MAIN.C 5000 Friendly Fire -5163 Cogmind --------- Core Integrity 0/1600 Matter 300/300 Energy 100/100 System Corruption 8% Temperature Cool (18) Movement Core (50) Location -1/Command Parts ------- > --- POWER (3) -------- (None) > --- PROPULSION (6) --- (None) > --- UTILITY (13) ----- (None) > --- WEAPON (3) ------- (None) > --- INVENTORY (5) ---- Light Fission Core Quantum Shading Machine Heavy Disruptor Cannon Peak State ------------ > --- POWER ------------ Quantum Reactor Light Quantum Reactor Light Quantum Reactor > --- PROPULSION ------- Biometal Heavy Treads Biometal Heavy Treads Biometal Heavy Treads > --- UTILITY ---------- Advanced Heat Sink Advanced Coolant Injector Huge Storage Unit Graphene Brace Experimental Force Field Improved Remote Force Field Relay Coupler [NC] Relay Coupler [Swarmer] Relay Coupler [Grunt] Relay Coupler [Sentry] Relay Coupler [Demolisher] Relay Coupler [Hunter] Relay Coupler [Heavy] > --- WEAPON ----------- Enhanced Nova Cannon Enhanced Nova Cannon Advanced Remote Datajack > --- INVENTORY -------- Light Quantum Reactor Biometal Heavy Treads Advanced Coolant Injector Energy Well Propulsion Shielding Antimissile System Relay Coupler [NC] Relay Coupler [NC] Relay Coupler [NC] Relay Coupler [NC] Relay Coupler [Grunt] Relay Coupler [Duelist] Relay Coupler [Sentry] Relay Coupler [Sentry] Relay Coupler [Sentry] Relay Coupler [Sentry] Heavy Linear Accelerator Heavy Linear Accelerator Heavy Proton Missile Launcher Advanced Remote Datajack [Rating: 184] Favorites ----------- Power Light Quantum Reactor Engine Heavy Deuterium Engine Power Core Light Nuclear Core Reactor Light Quantum Reactor Propulsion Armored Wheel Treads Medium Treads Leg Flexi-carbon Leg Wheel Armored Wheel Hover Unit Backup Propulsion VII Flight Unit Cesium-ion Thruster Utility Huge Storage Unit Device Advanced Heat Sink Storage Huge Storage Unit Processor Corruption Screen Hackware Relay Coupler [Grunt] Protection Centrium Medium Armor Plating Weapon Enhanced Nova Cannon Energy Gun Precision Shock Rifle Energy Cannon Enhanced Nova Cannon Ballistic Gun Assault Rifle Ballistic Cannon Linear Accelerator Launcher Improved Grenade Launcher Special Weapon Advanced Remote Datajack Slashing Weapon Axe Special Melee Weapon Advanced Datajack Build | -11 -10 -9 -8 -8 -8 -7 -7 -7 -7 -6 -6 -6 -6 -5 -5 -5 -5 -5 -4 -4 -3 -3 -2 -2 -2 -2 -1 -1 ------- Run | Jun Mat Mat Mat Gar Mat Fac Gar Fac Gar Fac Gar Fac Gar Fac Ext Cet Arc Hub Fac Gar Res Gar Res Gar Res Gar Acc Com Slots Evolved 18 | . . 2 2 . . 2 . . . 2 . . . 2 . . . . 2 . 2 . 2 . . . 2 . Power 2 | . . . . . . . . . . 1 . . . . . . . . . . . . . . . . 1 . Propulsion 4 | . . . . . . . . . . . . . . 1 . . . . 1 . . . 2 . . . . . Utility 11 | . . 2 2 . . 2 . . . 1 . . . 1 . . . . . . 2 . . . . . 1 . Weapon 1 | . . . . . . . . . . . . . . . . . . . 1 . . . . . . . . . Parts Attached 634 | 6 7 9 17 32 11 32 16 31 28 8 18 8 35 4 11 15 4 13 10 27 19 62 5 27 74 42 16 47 Power 62 | 2 1 1 1 4 3 4 1 . 2 1 2 . 3 . . . . 2 2 2 . 5 . 2 6 7 1 10 Engine 13 | 2 . 1 1 1 2 3 1 . . . 1 . 1 . . . . . . . . . . . . . . . Core 9 | . 1 . . 3 1 1 . . . . . . . . . . . . . 1 . . . . . . . 2 Reactor 40 | . . . . . . . . . 2 1 1 . 2 . . . . 2 2 1 . 5 . 2 6 7 1 8 Propulsion 97 | 2 3 2 4 1 2 8 . 2 2 . 1 . 4 1 2 1 . 1 1 4 6 13 . 5 16 5 3 8 Treads 34 | . . . . . . 1 . . . . . . . . . 1 . 1 . 4 . 3 . 2 13 5 3 1 Leg 22 | 2 3 . . . . 1 . . . . . . . . . . . . . . . 7 . 2 . . . 7 Wheel 35 | . . 2 4 1 2 6 . 2 2 . 1 . 4 1 2 . . . 1 . 4 . . . 3 . . . Hover 5 | . . . . . . . . . . . . . . . . . . . . . 2 3 . . . . . . Flight 1 | . . . . . . . . . . . . . . . . . . . . . . . . 1 . . . . Utility 284 | . 2 4 9 12 4 16 8 14 9 3 11 6 19 3 8 7 1 8 4 10 8 22 4 15 27 26 8 16 Device 90 | . 1 . 2 2 3 5 4 3 5 1 1 1 8 2 1 1 . 2 2 . 2 10 . 5 16 7 3 3 Storage 15 | . . 1 . 2 1 2 . 2 . . . . . . . . . 1 . . . 3 . . . . . 3 Processor 14 | . . 1 . . . 2 . 2 . . . . . . . . . . . . . 1 . . 2 . 1 5 Hackware 103 | . . . . . . 3 2 3 4 2 10 2 10 . 5 2 1 4 . 4 2 5 4 9 9 15 3 4 Protection 62 | . 1 2 7 8 . 4 2 4 . . . 3 1 1 2 4 . 1 2 6 4 3 . 1 . 4 1 1 Artifact . | . . . . . . . . . . . . . . . . . . . . . . . . . . . . . Weapon 191 | 2 1 2 3 15 2 4 7 15 15 4 4 2 9 . 1 7 3 2 3 11 5 22 1 5 25 4 4 13 Energy Gun 28 | . . 2 . 5 . . 3 10 5 . . . . . . . 1 . . . . . . . . . . 2 Energy Cannon 69 | . . . 3 6 2 2 2 . 1 . 2 . . . 1 1 1 1 2 1 3 13 1 2 14 3 3 5 Ballistic Gun 10 | 2 1 . . . . . . 1 . . . . . . . 1 . . . . . 4 . . . . 1 . Ballistic Cannon 20 | . . . . . . . . . 2 1 . 2 5 . . 2 . . . 4 1 . . . . 1 . 2 Launcher 14 | . . . . 3 . . 1 . 2 . . . 1 . . . . . . 2 . . . . 2 . . 3 Special Weapon 37 | . . . . . . 1 . . 3 1 . . 3 . . 3 1 1 1 4 1 5 . 3 9 . . 1 Impact Weapon . | . . . . . . . . . . . . . . . . . . . . . . . . . . . . . Slashing Weapon 10 | . . . . 1 . 1 . 4 2 2 . . . . . . . . . . . . . . . . . . Piercing Weapon . | . . . . . . . . . . . . . . . . . . . . . . . . . . . . . Special Melee Weapon 3 | . . . . . . . 1 . . . 2 . . . . . . . . . . . . . . . . . Unidentified Prototypes 10 | . . . . . 1 . . 2 . . . . . . . 2 . 1 1 . . . . . 3 . . . Corrupted Parts 4 | . . . . . . . . . . . . . . . . . . . . . . 3 . . 1 . . . System Corruption 20 | . . . . . . . . . . . . . . . . . . . . . . 14 . . 6 . . . Parts Lost 144 | . . . 3 9 . 8 5 6 3 . 3 1 2 . . 2 . 5 . 6 4 32 . 1 12 5 2 35 Power 19 | . . . . 1 . 1 1 . . . 2 . 1 . . . . 1 . 1 1 3 . . 1 . . 6 Propulsion 38 | . . . . 1 . 4 . 2 2 . . . 1 . . 1 . . . 2 3 9 . . 3 . . 10 Utility 54 | . . . 1 5 . 2 3 3 1 . . 1 . . . . . 2 . 1 . 11 . 1 5 5 2 11 Weapon 33 | . . . 2 2 . 1 1 1 . . 1 . . . . 1 . 2 . 2 . 9 . . 3 . . 8 Highest Loss Streak 19 | . . . 2 3 . 3 4 2 1 . 2 1 1 . . 2 . 4 . 2 3 13 . 1 6 4 1 19 To Critical Strikes . | . . . . . . . . . . . . . . . . . . . . . . . . . . . . . Average Slot Usage (%) 91 | . 86 93 99 96 100 90 94 99 95 99 98 99 99 99 99 95 93 92 84 87 92 72 86 89 89 88 85 72 Engine 2 | . 9 7 9 4 3 5 6 7 6 . . 6 3 . . . . . . . . . . . . . . . Reactor 6 | . . . . . . . . . . 13 12 6 8 11 11 11 11 10 10 9 8 6 8 8 7 7 12 8 Treads 5 | . . . . . . 1 . . . . . . . . . 3 5 4 5 10 6 7 13 12 16 16 13 6 Leg 1 | . 28 19 . . . . . . . . . . . . . . . . . . . . . 4 . . . 6 Wheel 8 | . . 2 18 17 18 11 15 14 13 13 13 13 12 17 16 9 5 5 6 4 5 1 . . . . . . Device 17 | . 10 11 12 17 18 29 23 18 21 33 30 16 15 16 6 8 11 5 10 5 2 20 34 20 21 14 16 12 Storage 5 | . . 7 9 11 9 6 7 7 7 6 6 6 6 5 5 5 5 5 5 5 4 5 8 7 4 4 4 5 Processor 2 | . . 5 4 . . 5 15 21 . . . . . . . . . . . . . . . . 2 . . 9 Hackware 16 | . . . . . . 2 2 3 9 8 19 21 21 17 32 29 28 36 21 23 27 9 7 20 23 27 29 13 Protection 9 | . 5 14 28 23 27 10 6 8 19 9 1 14 15 17 11 13 11 8 14 16 19 8 1 . . 2 1 . Energy Gun 1 | . . 14 10 3 5 . 6 10 7 . . . . . . . 3 . . . . . . . . . . . Energy Cannon 4 | . . . 7 11 12 9 . . . 2 5 2 . . 1 1 1 4 5 4 4 6 10 7 9 5 1 4 Ballistic Cannon 1 | . . . . . . . . . 1 1 . 3 6 5 3 3 1 . . . 2 . . . . 1 3 . Special Weapon 3 | . . . . . . 2 2 . 4 5 5 . 5 5 5 4 3 4 4 4 3 1 2 3 3 4 4 1 Naked Turns 56 | . . . . . . . . . . . . . . . . . . . . . . . . . . . . 56 Heaviest Build 195 | 8 11 41 65 62 64 88 66 107 131 138 140 182 188 191 191 156 156 149 171 179 171 193 184 184 172 165 191 195 Greatest Support 225 | 20 20 26 26 28 28 28 24 24 28 28 28 28 28 44 48 48 80 16 32 126 126 126 126 158 225 220 225 225 Greatest Overweight (x) 37 | . . 2 3 3 2 7 2 5 8 4 4 6 11 4 4 9 9 9 10 10 10 37 1 1 5 1 . . Average Overweight (x) 2 | . . . 2 1 1 2 2 2 4 4 4 5 5 4 3 5 8 7 8 3 8 2 1 . . . . . Largest Inventory Capacity 25 | 5 5 15 15 15 15 20 20 25 25 25 25 25 25 25 25 25 25 25 25 25 25 25 25 25 25 25 25 25 Average Capacity 22 | 5 5 11 15 15 15 19 20 22 25 25 25 25 25 25 25 25 25 25 25 25 25 21 25 25 25 25 25 16 Most Carried 25 | 2 5 15 14 15 15 17 20 25 25 25 25 25 25 25 25 25 25 25 23 25 25 25 25 25 25 25 25 25 Average Carried 20 | 1 3 7 10 13 14 11 18 20 24 24 24 24 24 23 23 24 24 23 18 22 22 18 22 23 23 23 22 14 Final Capacity 25 | 5 5 15 15 15 15 20 20 25 25 25 25 25 25 25 25 25 25 25 25 25 25 25 25 25 25 25 25 5 Final Carried 25 | 2 5 15 10 15 15 14 20 25 25 25 23 24 25 25 25 24 25 25 18 23 23 25 21 25 25 24 24 4 Class Distribution -------------------- 58% | Botlord-Mutant 14% | Bothacker-Mutant 12% | Mutant 8% | Scavenger-Mutant 4% | Botlord-Tank Dominant Class ---------------- Mutant | -10/Materials Mutant | -9/Materials Mutant | -8/Materials Scavenger-Mutant | -8/Garrison Mutant | -8/Materials Scavenger-Mutant | -7/Factory Bothacker-Mutant | -7/Garrison Mutant | -7/Factory Bothacker-Mutant | -7/Garrison Bothacker-Mutant | -6/Factory Botlord-Mutant | -6/Garrison Botlord-Mutant | -6/Factory Botlord-Mutant | -6/Garrison Botlord-Mutant | -5/Factory Botlord-Mutant | -5/Extension Botlord-Mutant | -5/Cetus Botlord-Mutant | -5/Archives Botlord-Mutant | -5/Hub_04(d) Botlord-Mutant | -4/Factory Botlord-Mutant | -4/Garrison Botlord-Mutant | -3/Research Botlord-Mutant | -3/Garrison Botlord-Mutant | -2/Research Botlord-Mutant | -2/Garrison Botlord-Mutant | -2/Research Botlord-Mutant | -2/Garrison Botlord-Mutant | -1/Access Botlord-Mutant | -1/Command Resources | -11 -10 -9 -8 -8 -8 -7 -7 -7 -7 -6 -6 -6 -6 -5 -5 -5 -5 -5 -4 -4 -3 -3 -2 -2 -2 -2 -1 -1 ----------- Run | Jun Mat Mat Mat Gar Mat Fac Gar Fac Gar Fac Gar Fac Gar Fac Ext Cet Arc Hub Fac Gar Res Gar Res Gar Res Gar Acc Com Matter Collected 13763 | 203 271 144 155 444 110 343 294 320 487 117 366 169 810 36 848 402 106 299 30 966 368 1279 87 719 1202 1688 610 890 Remotely . | . . . . . . . . . . . . . . . . . . . . . . . . . . . . . Salvage Created 14931 | . 287 201 828 1047 387 971 391 849 536 313 559 180 239 . 306 164 32 73 30 794 284 1309 180 153 2188 337 84 2209 Parts 644 | . 14 9 53 61 19 39 18 34 27 14 20 2 9 . 11 8 2 7 2 49 7 32 6 9 98 12 3 79 Haulers Intercepted 7 | . 1 1 2 . 1 . . 2 . . . . . . . . . . . . . . . . . . . . Recyclers Shooed 9 | . 2 . . . . 2 . 1 . 2 . . . . . . . . . . 1 . . . 1 . . . Parts Field Recycled . | . . . . . . . . . . . . . . . . . . . . . . . . . . . . . Retrieved Matter . | . . . . . . . . . . . . . . . . . . . . . . . . . . . . . Parts Self-Destructed . | . . . . . . . . . . . . . . . . . . . . . . . . . . . . . Prevented . | . . . . . . . . . . . . . . . . . . . . . . . . . . . . . Kills | -11 -10 -9 -8 -8 -8 -7 -7 -7 -7 -6 -6 -6 -6 -5 -5 -5 -5 -5 -4 -4 -3 -3 -2 -2 -2 -2 -1 -1 ------- Run | Jun Mat Mat Mat Gar Mat Fac Gar Fac Gar Fac Gar Fac Gar Fac Ext Cet Arc Hub Fac Gar Res Gar Res Gar Res Gar Acc Com Combat Hostiles Destroyed 224 | . 4 1 13 28 3 13 10 11 20 1 8 2 5 . 1 . . 2 . 24 3 15 2 2 22 3 1 30 Melee 1 | . . . . . . . . . . . . . . . . . . 1 . . . . . . . . . . Guns 35 | . 4 1 7 1 1 . 4 8 7 . . . . . . . . . . . . 1 . . . . . 1 Cannons 115 | . . . 3 16 1 10 1 . 1 1 4 2 5 . 1 . . 1 . 14 3 9 2 2 18 2 1 18 AOE 39 | . . . 2 10 . . 4 1 11 . . . . . . . . . . 8 . 1 . . . . . 2 Classes Destroyed 17 | . 3 2 5 2 1 1 1 . . . . . . . . . . 1 . . . . . . 1 . . . Worker 20 | . 1 1 3 . . 3 . 1 . 2 . . . . 1 . . . . . 2 . . . 5 . . 1 Builder 2 | . . . . . . 1 . . . . . . . . . . . . 1 . . . . . . . . . Tunneler 3 | . . . 1 . . . . . . . . . . . 2 . . . . . . . . . . . . . Hauler 7 | . 1 1 2 . 1 . . 2 . . . . . . . . . . . . . . . . . . . . Recycler 20 | . . 1 1 . 2 3 . 2 . 2 . 1 . . 2 . . . . . 1 . . . 4 . . 1 Operator 2 | . . . . . 1 . . . . . . . . . . . 1 . . . . . . . . . . . Watcher 4 | . . . 4 . . . . . . . . . . . . . . . . . . . . . . . . . Swarmer 52 | . . . 7 5 . . 4 1 12 . 3 . 1 . . . . . . 17 . . . . . 1 . 1 Saboteur 1 | . . . . . . . . . . . . . . . . . . 1 . . . . . . . . . . Grunt 86 | . 4 . 2 14 2 10 3 4 5 . 7 . 4 . 1 . . . . 1 . 8 2 . . 3 1 15 Brawler 5 | . . . 1 . . 1 . . . . . . . . . . . . . . . 3 . . . . . . Sentry 20 | . . 1 2 6 1 1 1 2 . . . . . . . . . . . 5 1 . . . . . . . Hunter 9 | . . . 1 1 . . . 1 . . . . . . . . . . . . . 2 . 1 1 . . 2 Programmer 42 | . . . . 1 . 1 1 3 2 1 . 2 1 . . . . 1 . 2 2 1 . 1 19 1 . 3 Heavy 1 | . . . . . . . . . . . . . . . . . . . . . . . . . 1 . . . Behemoth 5 | . . . . 1 . . . . 1 . . . . . . . . . . 1 . 1 . . 1 . . . M Guard 2 | . . . . . . . . . . . . . . . . . . . . . . . . . . . . 2 Combat Programmer 2 | . . . . . . . . . . . . . . . . . . . . . . . . . . . . 2 Thug 3 | . . . . . . . . . . . . . . . . 2 . . . . . . . . . . . 1 Guerrilla 2 | . . . . . . . . . . . . . . . . 1 . . . . . . . . . . . 1 Wizard 3 | . . . . . . . . . . . . . . . . . . . . . . . . . . . . 3 Infiltrator 1 | . . . . . . . 1 . . . . . . . . . . . . . . . . . . . . . Best Kill Streak 11 | . 3 2 6 6 2 4 6 4 7 2 3 1 3 . 2 . 1 1 1 10 2 5 2 1 8 1 1 11 Combat Bots Only 10 | . 2 1 5 6 1 4 6 2 7 1 3 1 3 . 1 . . 1 . 10 2 5 2 1 7 1 1 8 Max Kills in Single Turn 4 | . 1 1 2 2 1 1 2 1 4 1 1 1 1 . 1 1 1 1 1 3 1 1 1 1 2 1 1 2 Gunslinging . | . . . . . . . . . . . . . . . . . . . . . . . . . . . . . Exploded 4 | . . . 1 2 . . 2 1 4 . . . . . . . . . . 3 . 1 . . . . . 1 Melee 1 | . . . . . . . . . . . . . . . . . . 1 . . . . . . . . . . Uniques/NPCs Destroyed 1 | . . . . . . . . . . . . . . . . 1 . . . . . . . . . . . . A7 (-5/Cetus) Combat | -11 -10 -9 -8 -8 -8 -7 -7 -7 -7 -6 -6 -6 -6 -5 -5 -5 -5 -5 -4 -4 -3 -3 -2 -2 -2 -2 -1 -1 -------- Run | Jun Mat Mat Mat Gar Mat Fac Gar Fac Gar Fac Gar Fac Gar Fac Ext Cet Arc Hub Fac Gar Res Gar Res Gar Res Gar Acc Com Damage Taken 32778 | . 253 98 737 1805 343 1006 890 912 511 77 604 540 440 28 159 285 . 1071 . 2544 686 4148 6 908 4582 1627 843 7675 Core 4685 | . 42 . 137 206 . 126 186 125 64 18 64 12 37 . 5 29 . 84 . 182 46 877 . 31 574 206 20 1614 Absorbed by Shields 4776 | . . . 16 12 . . . . 13 . 229 277 409 30 175 265 . 51 . 240 . 41 6 191 817 295 300 1409 Reduced by Siege Mode 303 | . . . . . . . . . . . . . . . . . . . . . . . . . . . 24 279 Redirected to Shielding 427 | . . 4 6 99 . . . 4 42 8 50 . . . . . . . . . . . . 34 . 130 . 50 Core Remaining (%) 67 | 100 83 100 . . 37 . . . 28 . . . 84 . . . . 88 . 84 . 29 . . . 44 . . Volleys Fired 1680 | . 31 13 61 117 33 90 76 41 75 10 87 12 83 5 59 27 26 24 5 107 30 172 11 63 139 117 53 113 Largest 3 | . 2 2 2 2 2 2 1 2 2 1 1 1 1 1 1 2 2 1 1 2 2 3 3 2 3 2 2 2 Hottest 360 | . 40 90 112 129 160 160 80 140 130 88 88 66 66 66 113 179 179 113 110 176 176 360 360 240 360 240 240 240 Shots Fired 2172 | . 62 26 110 160 49 121 78 64 82 10 89 12 84 5 59 44 29 25 5 111 42 219 17 74 224 146 58 167 Gun 438 | . 62 26 80 15 10 . 56 64 61 . . . . . . . 18 . . . . 28 . . . . . 18 Cannon 1239 | . . . 30 134 39 107 10 . 2 8 54 12 57 2 21 35 4 12 5 89 31 140 9 40 168 74 36 120 Launcher 42 | . . . . 11 . . 3 . 7 . . . . . . . . . . 6 . . . . . . . 15 Special 453 | . . . . . . 14 9 . 12 2 35 . 27 3 38 9 7 13 . 16 11 51 8 34 56 72 22 14 Kinetic 334 | . 62 18 . . . . . . 2 4 . 12 57 2 20 26 2 . . 40 12 28 . . . 6 20 23 Thermal 922 | . . . . 132 39 107 10 41 15 . . . . . 1 15 20 12 . . 16 118 9 40 168 68 16 95 Explosive 27 | . . . . 11 . . 3 . 7 . . . . . . . . . . 6 . . . . . . . . Electromagnetic 442 | . . 8 110 17 10 . 56 23 46 4 54 . . . . . . . 5 49 3 22 . . . . . 35 Robot Hit Streak 26 | . 5 9 18 14 7 10 18 15 10 5 8 4 15 5 15 7 4 4 2 11 12 25 26 7 13 11 12 19 Robot Miss Streak 4 | . 4 4 4 3 3 3 1 2 2 1 4 4 4 1 2 3 2 1 4 4 2 3 1 3 4 3 2 3 Penetration Max 1 | . . . . . . . . . . . . . 1 . . . . . . 1 . . . . . . . . Secondary Targets 3 | . 1 . 2 . . . . . . . . . . . . . . . . . . . . . . . . . Max Gunslinging Chain 1 | . 1 . 1 . . . . . . . . . . . . . . . . . . . . . . . . . Shots Hit Robots 1381 | . 35 15 68 86 32 81 43 52 40 12 58 16 38 2 50 28 18 16 2 68 32 144 12 35 138 84 39 137 Core Hits 442 | . 14 6 29 54 8 30 20 25 25 5 9 2 7 . 10 9 6 2 1 33 6 38 2 3 26 6 2 64 Critical Kills 19 | . . . . . 1 2 . . . . . 1 5 . . 1 . . . . . 2 . . 4 1 . 2 Critical Parts Destroyed 14 | . . . . . . . . . . 2 . 2 8 . . 2 . . . . . . . . . . . . Critical Strikes 68 | . . . 3 . 2 2 1 3 1 2 1 3 13 . 3 6 . . 1 7 1 5 . . 4 1 2 7 Burn 5 | . . . . . . . . 3 . . . . . . . . . . . . . . . . . . . 2 Meltdown 12 | . . . . . 1 2 . . . . . . . . . . . . . . . 2 . . 4 1 . 2 Destroy 23 | . . . . . . . . . . 2 . 3 13 . . 5 . . . . . . . . . . . . Blast 12 | . . . . . . . . . 1 . . . . . 3 . . . . 4 1 . . . . . 2 1 Corrupt 15 | . . . 3 . 1 . 1 . . . 1 . . . . . . . 1 3 . 3 . . . . . 2 Sever 1 | . . . . . . . . . . . . . . . . 1 . . . . . . . . . . . . Melee Attacks 52 | . . . . 5 . 3 1 17 2 4 3 17 . . . . . . . . . . . . . . . . Impact . | . . . . . . . . . . . . . . . . . . . . . . . . . . . . . Slashing 21 | . . . . 5 . 3 . 7 2 4 . . . . . . . . . . . . . . . . . . Piercing . | . . . . . . . . . . . . . . . . . . . . . . . . . . . . . Sneak Attacks 6 | . . . . . . . . . . 4 . 2 . . . . . . . . . . . . . . . . Combat Hostiles . | . . . . . . . . . . . . . . . . . . . . . . . . . . . . . Follow-up Attacks . | . . . . . . . . . . . . . . . . . . . . . . . . . . . . . Damage Inflicted 39075 | . 398 202 1666 2977 842 1955 985 1423 1579 468 1138 125 340 . 677 970 472 226 74 2668 1021 4089 215 582 5216 1242 1513 6012 Guns 4467 | . 398 202 677 78 137 . 444 1122 561 . . . . . . . 349 . . . . 280 . . . . . 219 Cannons 29582 | . . . 539 1844 705 1955 223 . 76 197 1138 125 340 . 677 921 123 226 74 2139 1021 3735 215 582 5210 1242 1513 4762 Explosions 4658 | . . . 450 1055 . . 318 301 942 . . . . . . . . . . 529 . 74 . . . . . 989 Melee 271 | . . . . . . . . . . 271 . . . . . . . . . . . . . . . . . . Ramming 48 | . . . . . . . . . . . . . . . . . . . . . . . . . 6 . . 42 Kinetic 7180 | . 398 155 . . . . . . 76 74 . 125 340 . 677 688 84 . . 1075 437 280 . . . 211 958 1602 Thermal 21283 | . . . 336 1739 705 1955 223 1034 255 . . . . . . 282 388 226 . . 425 3129 215 582 5210 1031 555 2993 Explosive 2870 | . . . 114 1010 . . 318 . 899 . . . . . . . . . . 529 . . . . . . . . Electromagnetic 7423 | . . 47 1216 228 137 . 444 389 349 123 1138 . . . . . . . 74 1064 159 680 . . . . . 1375 Impact . | . . . . . . . . . . . . . . . . . . . . . . . . . . . . . Slashing 271 | . . . . . . . . . . 271 . . . . . . . . . . . . . . . . . . Piercing . | . . . . . . . . . . . . . . . . . . . . . . . . . . . . . Highest Corruption 41 | . . . 1 1 1 2 2 2 3 2 2 2 1 1 2 2 2 8 . . 1 29 . 1 30 41 . 6 Average Corruption 9 | . . . 1 1 1 2 2 2 2 1 2 1 1 1 1 2 2 2 . . 1 19 . 1 21 39 . 4 Corruption Purged 3 | . . . . . 1 . . . . . . 2 . . . . . . . . . . . . . . . . Corruption Blocked 20 | . . . . . . . . 5 . . . . . . . . . . . . . . . . . . . 15 Effects 436 | . . . 4 9 . 12 14 18 17 5 19 1 4 . 10 4 1 15 . . . 72 . 8 112 104 . 7 Message Errors 100 | . . . . 1 . 1 1 4 1 2 6 1 1 . 3 1 . 5 . . . 17 . 1 28 25 . 2 Matter Fused 95 | . . . . 2 . 3 2 7 5 . 2 . 1 . 2 2 . 3 . . . 16 . 4 22 22 . 2 Heat Flow Errors 55 | . . . . 2 . 1 1 2 . . 1 . . . 1 . . . . . . 8 . 1 20 16 . 2 Energy Discharges 53 | . . . 1 . . 2 3 3 2 2 2 . 1 . 2 . . 1 . . . 13 . 1 7 13 . . Parts Rejected 9 | . . . 2 . . . . . . . 2 . . . . . . 3 . . . . . . . 2 . . Parts Fused 2 | . . . . . . . . . . . . . . . . . . . . . . . . . 1 1 . . Data Loss (minor) 42 | . . . . 2 . 2 4 1 4 . 3 . . . 1 . . 1 . . . 5 . . 13 6 . . Data Loss (major) 23 | . . . 1 2 . 1 1 . 1 1 1 . . . 1 . . 1 . . . 1 . . 8 3 . 1 Misfires 26 | . . . . . . . 2 1 3 . 2 . 1 . . . 1 1 . . . 6 . . 3 6 . . Alerts 9 | . . . . . . 2 . . . . . . . . . . . . . . . . . 1 3 3 . . Misdirections 2 | . . . . . . . . . . . . . . . . . . . . . . 1 . . . 1 . . Weapon Failures 20 | . . . . . . . . . 1 . . . . . . 1 . . . . . 5 . . 7 6 . . Overload Shots . | . . . . . . . . . . . . . . . . . . . . . . . . . . . . . Overflow Damage 1389 | . . . 10 62 3 33 10 1 64 35 3 . 3 . 14 28 . 5 16 65 109 74 10 9 411 109 90 225 Projectiles 1248 | . . . 7 36 3 33 10 . . . 3 . 3 . 14 28 . 5 16 53 109 74 10 9 411 109 90 225 Explosions 106 | . . . 3 26 . . . 1 64 . . . . . . . . . . 12 . . . . . . . . Melee 35 | . . . . . . . . . . 35 . . . . . . . . . . . . . . . . . . Knockbacks 40 | . . . . . . . . . . . . . 2 . 9 8 . . . 5 3 . . . . 3 2 8 Impact . | . . . . . . . . . . . . . . . . . . . . . . . . . . . . . Kinetic 39 | . . . . . . . . . . . . . 2 . 8 8 . . . 5 3 . . . . 3 2 8 Secondary 1 | . . . . . . . . . . . . . . . 1 . . . . . . . . . . . . . Self-Inflicted Damage 431 | . . . 110 92 . . 3 . 48 . . . . . . . . . . 89 . 59 . . . . . 30 Shots 14 | . . . 3 4 . . 1 . 1 . . . . . . . . . . 3 . 1 . . . . . 1 Rammed 11 | . . . . . . . . . . . . . . . . . . . . . . . . . 1 . . 10 Targets Rammed 11 | . . . . . . . . . . . . . . . . . . . . . . . . . 1 . . 10 Kicked . | . . . . . . . . . . . . . . . . . . . . . . . . . . . . . Crushed . | . . . . . . . . . . . . . . . . . . . . . . . . . . . . . Highest Temperature 670 | . 65 6 156 373 404 381 214 134 62 44 188 197 192 . 182 196 191 190 185 282 369 320 . 233 670 227 197 286 Average Temperature 88 | . 27 2 51 103 145 108 40 30 41 24 65 55 52 . 55 106 86 60 80 97 103 106 . 67 134 64 102 107 Received Heat Transfer 4749 | . 180 27 108 740 198 522 240 210 180 12 153 45 99 . 23 26 . 178 . 232 120 629 4 72 36 262 12 441 Effects 22 | . . . . 5 . 4 . . . . . . . . . . . . . . . . . . 13 . . . Shutdowns 5 | . . . . 1 . . . . . . . . . . . . . . . . . . . . 4 . . . Energy Bleed 5 | . . . . 1 . 1 . . . . . . . . . . . . . . . . . . 3 . . . Interference 6 | . . . . 3 . 3 . . . . . . . . . . . . . . . . . . . . . . Matter Decay 2 | . . . . . . . . . . . . . . . . . . . . . . . . . 2 . . . Short Circuit 1 | . . . . . . . . . . . . . . . . . . . . . . . . . 1 . . . Damage (minor) 1 | . . . . . . . . . . . . . . . . . . . . . . . . . 1 . . . Damage (core) 2 | . . . . . . . . . . . . . . . . . . . . . . . . . 2 . . . Siege Activations 6 | . . . . . . . . . . . . . . . . . . . . . . . . . 2 . 2 2 Total Turns 101 | . . . . . . . . . . . . . . . . . . . . . . . . . 5 . 28 68 Longest Duration 38 | . . . . . . . . . . . . . . . . . . . . . . . . . 3 . 16 38 Robots Corrupted 21 | . . . 1 1 . . 1 2 1 . 4 . . . . . . . . 2 . 2 . . . . . 7 Combat Hostiles 21 | . . . 1 1 . . 1 2 1 . 4 . . . . . . . . 2 . 2 . . . . . 7 Parts Fried 40 | . . . 7 2 1 . . 2 1 1 5 . . . . . . . 4 4 4 2 . . . 1 . 6 Impact Corruptions . | . . . . . . . . . . . . . . . . . . . . . . . . . . . . . Robots Melted 14 | . . . . . 2 3 . . . . . . . . . . . . . . . 2 . . 4 1 . 2 Combat Hostiles 13 | . . . . . 1 3 . . . . . . . . . . . . . . . 2 . . 4 1 . 2 Parts Melted 72 | . . . . 3 5 13 1 9 1 . . . . . . . . . . . . 5 . . 27 1 . 7 Heat Transferred 21391 | . . . 550 2597 1400 3800 350 1532 346 . . . . . . 296 518 166 . . . 1466 185 481 3922 832 462 2488 Parts Sabotaged 10 | . . . . . . . . . . . . . . . . . . 2 . . 3 . . 5 . . . . Parts Stolen . | . . . . . . . . . . . . . . . . . . . . . . . . . . . . . Parts Stripped . | . . . . . . . . . . . . . . . . . . . . . . . . . . . . . Power Chain Reactions 10 | . . . 6 1 . . . 1 1 . . . . . . . . . . . . 1 . . . . . . Missiles Intercepted 12 | . . . . . . . . . . . . . . . . . . . . . . . . . . . . 12 Alert | -11 -10 -9 -8 -8 -8 -7 -7 -7 -7 -6 -6 -6 -6 -5 -5 -5 -5 -5 -4 -4 -3 -3 -2 -2 -2 -2 -1 -1 ------- Run | Jun Mat Mat Mat Gar Mat Fac Gar Fac Gar Fac Gar Fac Gar Fac Ext Cet Arc Hub Fac Gar Res Gar Res Gar Res Gar Acc Com Peak Influence 1305 | . 135 118 470 1305 762 471 1039 560 927 536 547 302 724 414 254 622 489 854 380 831 547 775 450 392 304 430 452 262 Initial 635 | . . 56 49 277 635 284 262 545 216 486 256 287 70 380 202 69 231 44 375 126 467 159 435 87 220 44 252 . Average 336 | . 79 99 266 807 676 343 807 277 604 430 310 210 269 390 140 437 240 484 372 484 430 358 180 234 73 189 233 96 Maximum Alert Level 4 | . . . 2 4 3 2 3 2 3 2 2 1 3 2 1 2 2 3 1 3 2 3 2 1 1 2 2 1 Low Security (%) 32 | 100 100 100 32 . . . . 18 . . 11 49 39 . 75 13 52 15 . 7 . 12 75 32 95 57 16 85 Level 1 36 | . . . 42 10 . 80 7 76 17 43 69 50 45 80 24 20 24 12 99 55 15 47 1 67 4 29 82 14 Level 2 19 | . . . 25 15 68 19 23 4 39 56 19 . 14 19 . 65 22 48 . 15 84 39 23 . . 13 . . Level 3 9 | . . . . 56 31 . 69 . 42 . . . . . . . . 23 . 22 . . . . . . . . Level 4 . | . . . . 17 . . . . . . . . . . . . . . . . . . . . . . . . Level 5 . | . . . . . . . . . . . . . . . . . . . . . . . . . . . . . High Security . | . . . . . . . . . . . . . . . . . . . . . . . . . . . . . Max Security . | . . . . . . . . . . . . . . . . . . . . . . . . . . . . . Squads Dispatched 50 | . . 1 1 . . 5 . 5 . 1 . 3 . . 1 . . 7 . . 3 . 1 . 13 . 4 5 Investigation 6 | . . . . . . 1 . 1 . . . 2 . . 1 . . 1 . . . . . . . . . . Extermination 17 | . . . . . . 2 . 2 . 1 . 1 . . . . . 1 . . 2 . . . 5 . 1 2 Reinforcement 17 | . . 1 1 . . 2 . 2 . . . . . . . . . 1 . . . . 1 . 5 . 1 3 Assault 5 | . . . . . . . . . . . . . . . . . . 4 . . 1 . . . . . . . Garrison 5 | . . . . . . . . . . . . . . . . . . . . . . . . . 3 . 2 . Intercept . | . . . . . . . . . . . . . . . . . . . . . . . . . . . . . Searches Triggered . | . . . . . . . . . . . . . . . . . . . . . . . . . . . . . Construction Impeded 2 | . . . . . . 1 . . . . . . . . . . . 1 . . . . . . . . . . Haulers Reinforced 2 | . . . . . . 1 . 1 . . . . . . . . . . . . . . . . . . . . Active Scanning Responses . | . . . . . . . . . . . . . . . . . . . . . . . . . . . . . Cargo Convoy Interrupts . | . . . . . . . . . . . . . . . . . . . . . . . . . . . . . Alert ID Control Effect 163 | . . . . . . . . . . . 13 . 14 1 16 1 . 6 . 5 2 3 . 29 11 27 33 2 Stealth | -11 -10 -9 -8 -8 -8 -7 -7 -7 -7 -6 -6 -6 -6 -5 -5 -5 -5 -5 -4 -4 -3 -3 -2 -2 -2 -2 -1 -1 --------- Run | Jun Mat Mat Mat Gar Mat Fac Gar Fac Gar Fac Gar Fac Gar Fac Ext Cet Arc Hub Fac Gar Res Gar Res Gar Res Gar Acc Com Distress Signals 18 | . . . 3 . 1 . . . . . . . . . 2 2 . 2 . . . . . . . . 3 5 Communications Jammed 528 | . . . . . . . . . . . . 1 . . 46 190 . 149 . . . . . . 63 . 27 52 Distress Signals 520 | . . . . . . . . . . . . 1 . . 46 190 . 148 . . . . . . 63 . 20 52 Times Spotted 715 | . 4 3 23 34 8 21 24 21 22 3 44 13 43 2 29 19 10 43 1 39 17 44 4 35 63 57 32 57 Peak Tracking Total 12 | . 2 2 6 7 3 5 7 3 7 1 5 5 5 1 7 5 2 7 1 11 6 12 3 12 7 5 6 10 Tactical Retreats 34 | . . . 2 4 1 1 1 5 . . 5 . . . . . . 1 . 2 . 5 . 1 1 1 . 4 Traps | -11 -10 -9 -8 -8 -8 -7 -7 -7 -7 -6 -6 -6 -6 -5 -5 -5 -5 -5 -4 -4 -3 -3 -2 -2 -2 -2 -1 -1 ------- Run | Jun Mat Mat Mat Gar Mat Fac Gar Fac Gar Fac Gar Fac Gar Fac Ext Cet Arc Hub Fac Gar Res Gar Res Gar Res Gar Acc Com Traps Triggered 67 | . . . . 15 . . 5 4 7 1 9 1 7 1 2 . . . . . . 5 . 4 4 2 . . Indirectly . | . . . . . . . . . . . . . . . . . . . . . . . . . . . . . Trap Hack Attempts . | . . . . . . . . . . . . . . . . . . . . . . . . . . . . . Triggered . | . . . . . . . . . . . . . . . . . . . . . . . . . . . . . Disarmed . | . . . . . . . . . . . . . . . . . . . . . . . . . . . . . Reprogrammed . | . . . . . . . . . . . . . . . . . . . . . . . . . . . . . Reused . | . . . . . . . . . . . . . . . . . . . . . . . . . . . . . Traps Extracted . | . . . . . . . . . . . . . . . . . . . . . . . . . . . . . Installed . | . . . . . . . . . . . . . . . . . . . . . . . . . . . . . Triggered . | . . . . . . . . . . . . . . . . . . . . . . . . . . . . . Machines | -11 -10 -9 -8 -8 -8 -7 -7 -7 -7 -6 -6 -6 -6 -5 -5 -5 -5 -5 -4 -4 -3 -3 -2 -2 -2 -2 -1 -1 ---------- Run | Jun Mat Mat Mat Gar Mat Fac Gar Fac Gar Fac Gar Fac Gar Fac Ext Cet Arc Hub Fac Gar Res Gar Res Gar Res Gar Acc Com Machines Disabled 82 | . . . 4 7 . 2 4 2 4 . 4 1 4 . 4 1 6 6 . 6 . 3 1 4 1 12 5 1 Max in Single Turn 3 | . . . 3 2 . 1 1 2 1 . 1 1 1 . 1 . . 1 . 2 . 1 1 1 1 2 1 1 Garrison Access 4 | . . . . . . . . . . . . . . . . . . 1 . . . . . . 1 . 2 . Garrison Relay 33 | . . . . 3 . . 4 . 4 . 4 . 4 . . . . . . 2 . 3 . 3 . 6 . . Phase Generator 2 | . . . . . . . . . . . . . . . . . . . . 1 . . . . . 1 . . Network Hub 1 | . . . . . . . . . . . . . . . . . . 1 . . . . . . . . . . Machines Repaired 1 | . . . . . . . . . . . . . . . . . . 1 . . . . . . . . . . Machines Sabotaged . | . . . . . . . . . . . . . . . . . . . . . . . . . . . . . Overloaded Fab Kills . | . . . . . . . . . . . . . . . . . . . . . . . . . . . . . Hacking | -11 -10 -9 -8 -8 -8 -7 -7 -7 -7 -6 -6 -6 -6 -5 -5 -5 -5 -5 -4 -4 -3 -3 -2 -2 -2 -2 -1 -1 --------- Run | Jun Mat Mat Mat Gar Mat Fac Gar Fac Gar Fac Gar Fac Gar Fac Ext Cet Arc Hub Fac Gar Res Gar Res Gar Res Gar Acc Com Machines Accessed 72 | . 3 . 5 1 1 5 3 4 1 1 2 5 4 2 8 . . 5 1 1 2 1 2 2 6 2 2 3 Terminals 49 | . 2 . 4 1 1 2 3 2 1 . 2 3 4 1 7 . . 4 . 1 . 1 . 2 3 2 . 3 Fabricators 5 | . . . . . . 1 . . . . . 1 . 1 . . . . . . 1 . 1 . . . . . Repair Stations . | . . . . . . . . . . . . . . . . . . . . . . . . . . . . . Recycling Units 3 | . 1 . . . . 1 . . . . . . . . 1 . . . . . . . . . . . . . Scanalyzers . | . . . . . . . . . . . . . . . . . . . . . . . . . . . . . Garrison Access 15 | . . . 1 . . 1 . 2 . 1 . 1 . . . . . 1 1 . 1 . 1 . 3 . 2 . Total Hacks 155 | . 6 . 14 2 5 9 5 11 1 2 3 14 8 4 21 . . 11 1 3 2 1 2 2 11 10 2 5 Successful 74 | . 4 . 9 . 3 4 2 5 1 1 1 7 4 1 9 . . 5 1 1 1 1 1 2 4 1 2 4 Failed 81 | . 2 . 5 2 2 5 3 6 . 1 2 7 4 3 12 . . 6 . 2 1 . 1 . 7 9 . 1 Catastrophic 16 | . 1 . 1 . 1 1 . 2 . . . . . 1 2 . . . . . . . . . 4 3 . . Database Lockouts . | . . . . . . . . . . . . . . . . . . . . . . . . . . . . . Manual 69 | . 4 . 10 . 5 3 . 4 . 1 . 8 . 4 11 1 . 10 . . 1 . 1 . 6 . . . Terminals 116 | . 3 . 12 2 5 3 5 5 1 . 3 9 8 2 20 . . 9 . 3 . 1 . 2 8 10 . 5 Fabricators 8 | . . . . . . 2 . . . . . 2 . 2 . . . . . . 1 . 1 . . . . . Repair Stations . | . . . . . . . . . . . . . . . . . . . . . . . . . . . . . Recycling Units 7 | . 3 . . . . 3 . . . . . . . . 1 . . . . . . . . . . . . . Scanalyzers . | . . . . . . . . . . . . . . . . . . . . . . . . . . . . . Garrison Access 24 | . . . 2 . . 1 . 6 . 2 . 3 . . . . . 2 1 . 1 . 1 . 3 . 2 . Terminal Hacks 34 | . 1 . 1 . 3 1 2 1 1 . 1 2 4 . 7 . . . . 1 . 1 . 2 1 1 . 4 Part Schematic 4 | . . . . . 3 . . . . . . 1 . . . . . . . . . . . . . . . . Prototype ID Bank 1 | . . . . . . . . . . . . . . . 1 . . . . . . . . . . . . . Open Door 8 | . . . . . . . 1 . . . 1 . 1 . 4 . . . . . . . . . . . . 1 Branch Access Points 1 | . . . . . . . . . . . . . . . . . . . . . . . . . 1 . . . Emergency Access Points 6 | . . . . . . . 1 . . . . . 1 . . . . . . 1 . 1 . 1 . 1 . . Terminal Index 2 | . . . . . . 1 . . . . . . . . . . . . . . . . . . . . . 1 Garrison Index 1 | . . . . . . . . . . . . . . . . . . . . . . . . . . . . 1 Unreport Threat 1 | . . . . . . . . . . . . . . . 1 . . . . . . . . . . . . . Hauler Manifests 1 | . . . . . . . . 1 . . . . . . . . . . . . . . . . . . . . Zone Layout 4 | . 1 . 1 . . . . . . . . 1 . . 1 . . . . . . . . . . . . . Garrison Registry 1 | . . . . . . . . . 1 . . . . . . . . . . . . . . . . . . . Patrol Navigation 2 | . . . . . . . . . . . . . 1 . . . . . . . . . . 1 . . . . Security Stations 1 | . . . . . . . . . . . . . 1 . . . . . . . . . . . . . . . Disengage Seal 1 | . . . . . . . . . . . . . . . . . . . . . . . . . . . . 1 Fabricator Hacks 4 | . . . . . . 2 . . . . . 2 . . . . . . . . . . . . . . . . Load Schematic 2 | . . . . . . 1 . . . . . 1 . . . . . . . . . . . . . . . . Build 2 | . . . . . . 1 . . . . . 1 . . . . . . . . . . . . . . . . Repair Station Hacks . | . . . . . . . . . . . . . . . . . . . . . . . . . . . . . Recycling Unit Hacks 1 | . 1 . . . . . . . . . . . . . . . . . . . . . . . . . . . Report Inventory 1 | . 1 . . . . . . . . . . . . . . . . . . . . . . . . . . . Scanalyzer . | . . . . . . . . . . . . . . . . . . . . . . . . . . . . . Garrison Access Hacks 15 | . . . 1 . . 1 . 2 . 1 . 1 . . . . . 1 1 . 1 . 1 . 3 . 2 . Unlock Access 12 | . . . 1 . . 1 . 2 . 1 . 1 . . . . . 1 1 . 1 . 1 . 2 . . . Seal Access 3 | . . . . . . . . . . . . . . . . . . . . . . . . . 1 . 2 . Unauthorized Hacks 19 | . 2 . 6 . . . . 2 . . . 2 . 1 2 . . 4 . . . . . . . . . . Terminals 14 | . 1 . 6 . . . . . . . . 1 . 1 2 . . 3 . . . . . . . . . . Track 1 | . . . 1 . . . . . . . . . . . . . . . . . . . . . . . . . Botnet 7 | . . . 3 . . . . . . . . . . . 2 . . 2 . . . . . . . . . . Detonate 1 | . . . 1 . . . . . . . . . . . . . . . . . . . . . . . . . Operators 4 | . 1 . 1 . . . . . . . . 1 . 1 . . . . . . . . . . . . . . Sabotage 1 | . . . . . . . . . . . . . . . . . . 1 . . . . . . . . . . Fabricators . | . . . . . . . . . . . . . . . . . . . . . . . . . . . . . Repair Stations . | . . . . . . . . . . . . . . . . . . . . . . . . . . . . . Recycling Units 1 | . 1 . . . . . . . . . . . . . . . . . . . . . . . . . . . Mask 1 | . 1 . . . . . . . . . . . . . . . . . . . . . . . . . . . Scanalyzers . | . . . . . . . . . . . . . . . . . . . . . . . . . . . . . Garrison Access 4 | . . . . . . . . 2 . . . 1 . . . . . 1 . . . . . . . . . . Restock 2 | . . . . . . . . 1 . . . 1 . . . . . . . . . . . . . . . . Reprogram 2 | . . . . . . . . 1 . . . . . . . . . 1 . . . . . . . . . . Data Cores Recovered 3 | . . . . . 1 1 . . . . . . . . . . . . . . . . . . . . . 1 Used . | . . . . . . . . . . . . . . . . . . . . . . . . . . . . . Hacking Detections 58 | . 2 . 5 1 1 5 2 4 1 1 2 5 4 2 6 1 . 4 1 . 1 . 2 1 4 2 . 1 Full Trace Events 5 | . . . . . . 1 . 1 . . . 2 . . 1 . . . . . . . . . . . . . Feedback Events 1 | . . . . . . . . . . . . . . . 1 . . . . . . . . . . . . . Corruption 1 | . . . . . . . . . . . . . . . 1 . . . . . . . . . . . . . Feedback Blocked . | . . . . . . . . . . . . . . . . . . . . . . . . . . . . . Robot Schematics Acquired . | . . . . . . . . . . . . . . . . . . . . . . . . . . . . . Robots Built . | . . . . . . . . . . . . . . . . . . . . . . . . . . . . . Authchips . | . . . . . . . . . . . . . . . . . . . . . . . . . . . . . Time . | . . . . . . . . . . . . . . . . . . . . . . . . . . . . . Total Robot Build Rating . | . . . . . . . . . . . . . . . . . . . . . . . . . . . . . Part Schematics Acquired 4 | . . . . . 3 . . . . . . 1 . . . . . . . . . . . . . . . . Parts Built 2 | . . . . . . 1 . . . . . 1 . . . . . . . . . . . . . . . . Authchips . | . . . . . . . . . . . . . . . . . . . . . . . . . . . . . Time 93 | . . . . . . 51 . . . . . 42 . . . . . . . . . . . . . . . . Total Part Build Rating 5 | . . . . . . 1 . . . . . 4 . . . . . . . . . . . . . . . . Parts Repaired . | . . . . . . . . . . . . . . . . . . . . . . . . . . . . . Time . | . . . . . . . . . . . . . . . . . . . . . . . . . . . . . Parts Recycled . | . . . . . . . . . . . . . . . . . . . . . . . . . . . . . Recycled Matter . | . . . . . . . . . . . . . . . . . . . . . . . . . . . . . Retrieved Matter . | . . . . . . . . . . . . . . . . . . . . . . . . . . . . . Retrieved Components . | . . . . . . . . . . . . . . . . . . . . . . . . . . . . . Parts Scanalyzed . | . . . . . . . . . . . . . . . . . . . . . . . . . . . . . Part Schematics Acquired . | . . . . . . . . . . . . . . . . . . . . . . . . . . . . . Parts Damaged . | . . . . . . . . . . . . . . . . . . . . . . . . . . . . . Bothacking | -11 -10 -9 -8 -8 -8 -7 -7 -7 -7 -6 -6 -6 -6 -5 -5 -5 -5 -5 -4 -4 -3 -3 -2 -2 -2 -2 -1 -1 ------------ Run | Jun Mat Mat Mat Gar Mat Fac Gar Fac Gar Fac Gar Fac Gar Fac Ext Cet Arc Hub Fac Gar Res Gar Res Gar Res Gar Acc Com Used RIF Installer 8 | . . . . 1 . . 1 . 1 . 1 . 1 . . . . . . . . 1 . 1 . 1 . . Coupler Efficiency 1 | . . . . . . . 1 . . . . . . . . . . . . . . . . . . . . . Code Merge 1 | . . . . . . . . . . . . . . . . . . . . . . . . . . 1 . . Threat Obfuscator 1 | . . . . . . . . . . . . . . . . . . . . . . . . 1 . . . . Signal Jammer 1 | . . . . . . . . . . . 1 . . . . . . . . . . . . . . . . . Alert ID Control 1 | . . . . . . . . . 1 . . . . . . . . . . . . . . . . . . . Program Shield 1 | . . . . . . . . . . . . . . . . . . . . . . 1 . . . . . . Autooverride 1 | . . . . . . . . . . . . . 1 . . . . . . . . . . . . . . . Robots Hacked 254 | . . . . . . 6 6 2 7 2 26 9 19 2 9 2 5 11 . 12 7 14 1 19 34 38 17 6 Non-combat 48 | . . . . . . 3 . 1 . . . 2 . 1 1 . 4 5 . . 5 1 1 . 15 . 7 2 Combat 206 | . . . . . . 3 6 1 7 2 26 7 19 1 8 2 1 6 . 12 2 13 . 19 19 38 10 4 Autooverrided 25 | . . . . . . . . . . . . . . . 1 . 1 2 . 4 . 2 . 4 5 5 1 . Robot Hacks Applied 272 | . . . . . . 8 7 4 7 2 29 11 21 2 8 2 6 10 . 8 9 14 5 15 40 36 16 12 parse_system 4 | . . . . . . . . . . . . 1 . . . 1 . 1 . . . . . . . 1 . . no_distress 2 | . . . . . . . . . . . . . . . . . . . . . . . . . 1 . 1 . generate_echo 1 | . . . . . . . . . . . . . . . . . . . . . . . . . 1 . . . map_walls 5 | . . . . . . 1 . . . . . . . . . . . . . . . . . . 3 . 1 . randomize_corridors 1 | . . . . . . . . . . . . . . . . . . . . . . . . . 1 . . . map_earth 2 | . . . . . . . . . . . . . . . . . . . . . . . . . 2 . . . drop_inventory 8 | . . . . . . 1 . . . . . . . . . . . 2 . . 2 . . . 2 . 1 . recall_reinforcements 1 | . . . . . . 1 . . . . . . . . . . . . . . . . . . . . . . ignore_parts 1 | . . . . . . . . . . . . . . . . . . . . . 1 . . . . . . . release_backups 1 | . . . . . . . . . . . . . . . . . . . . . 1 . . . . . . . purge_threat 10 | . . . . . . . . 2 . . . . . . . . 3 . . . . . 3 . 2 . . . reprogram_traps 2 | . . . . . . . . . . . . . . . . . . . . . . . 1 . 1 . . . summon_haulers 2 | . . . . . . . . . . . . . . . . . . . . . . . 1 . . . 1 . map_route 12 | . . . . . . 1 . . . . . . . 1 . . . 1 . . 1 . . . 3 . 2 3 mark_security 3 | . . . . . . . . . . . . . . . 1 . . . . . . . . . 1 . . 1 relay_feed 4 | . . . . . . . . . . . . . . . . . . . . . . . . . 1 . . 3 redirect_shields 1 | . . . . . . . . . . . . . . . . . . 1 . . . . . . . . . . emergency_deploy 1 | . . . . . . . . . . . 1 . . . . . . . . . . . . . . . . . find_shortcuts 2 | . . . . . . . 2 . . . . . . . . . . . . . . . . . . . . . find_garrison 2 | . . . . . . 1 . . . . . 1 . . . . . . . . . . . . . . . . link_fov 5 | . . . . . . . . . . . . . . . . . . . . . 1 . . . 3 . . 1 scatter_targeting 3 | . . . . . . . 1 . . . 1 . . . . . . . . . . . . . . 1 . . broadcast_data 1 | . . . . . . . . . . . 1 . . . . . . . . . . . . . . . . . disrupt_area 3 | . . . . . . . . . . . 1 . 1 . . . . . . . . . . . . 1 . . overload_power 1 | . . . . . . . . . . . . . . . . . . . . . . . . . 1 . . . amplify_resonance 19 | . . . . . . . 3 . . . . 1 3 . . . . . . . . 1 . 2 2 5 2 . disable_weapons 1 | . . . . . . . . . . . 1 . . . . . . . . . . . . . . . . . reboot_system 2 | . . . . . . 1 . . . . . 1 . . . . . . . . . . . . . . . . go_dormant 1 | . . . . . . . . . . . . 1 . . . . . . . . . . . . . . . . overwrite_iff 73 | . . . . . . . . 1 6 . 18 5 6 . 4 . . 1 . 3 1 7 . 5 5 11 . . formatsys_low 6 | . . . . . . . . 1 . . . . . . . . 3 1 . . . . . . 1 . . . formatsys_high 92 | . . . . . . 2 1 . 1 2 6 1 11 1 3 1 . 3 . 5 2 6 . 8 10 17 8 4 Relay Couplers Released 173 | . . . . 13 . . 21 4 21 . 16 4 16 . . . . 6 . 8 . 17 . 14 4 25 4 . Machine Destruction 145 | . . . . 13 . . 18 . 18 . 16 . 16 . . . . 3 . 8 . 14 . 14 . 25 . . Programmers 28 | . . . . . . . 3 4 3 . . 4 . . . . . 3 . . . 3 . . 4 . 4 . Attached 98 | . . . . . . 3 2 3 4 2 10 2 10 . 4 2 1 3 . 4 2 5 4 9 8 15 3 2 Merged Code Value 93 | . . . . . . . . . . . . . . . . . . . . . . . . . . 93 . . Fabnet Peak Effective % . | . . . . . . . . . . . . . . . . . . . . . . . . . . . . . Robots Rewired 46 | . . . . . . . 2 . . . 1 . . . 13 . . 1 . 4 . 4 . 4 . 17 . . Allies Hacked 4 | . . . . . . . . . 1 . . . . . . . . 1 . 1 1 . . . . . . . Hacks Repelled . | . . . . . . . . . . . . . . . . . . . . . . . . . . . . . Allies | -11 -10 -9 -8 -8 -8 -7 -7 -7 -7 -6 -6 -6 -6 -5 -5 -5 -5 -5 -4 -4 -3 -3 -2 -2 -2 -2 -1 -1 -------- Run | Jun Mat Mat Mat Gar Mat Fac Gar Fac Gar Fac Gar Fac Gar Fac Ext Cet Arc Hub Fac Gar Res Gar Res Gar Res Gar Acc Com Total Allies 251 | . . . . . . 2 5 2 7 2 24 5 19 1 26 6 4 8 . 16 2 19 . 21 18 51 9 4 Largest Group 21 | . . . . . . 2 5 2 2 2 5 2 3 4 14 14 9 10 . 5 2 5 3 9 6 18 21 6 Highest-Rated Group 1511 | . . . . . . 48 220 35 64 64 168 58 116 145 594 786 585 609 . 235 94 313 141 673 290 1145 1511 339 Highest-Rated Ally 178 | . . . . . . 32 80 26 32 32 47 41 46 49 159 159 96 137 . 68 47 95 47 148 69 119 178 64 Total Orders 4 | . . . . . . . . 2 . 2 . . . . . . . . . . . . . . . . . . STAY 2 | . . . . . . . . 1 . 1 . . . . . . . . . . . . . . . . . . FOLLOW 2 | . . . . . . . . 1 . 1 . . . . . . . . . . . . . . . . . . Ally Attacks 1442 | . . . . . . 11 43 6 21 . 72 14 66 1 126 139 45 120 . 44 25 47 19 143 77 158 223 42 Total Damage 50977 | . . . . . . 251 1287 69 452 . 1492 201 2021 30 2778 3996 1647 4984 . 1621 690 1944 498 6459 3156 6477 9698 1226 Kills 275 | . . . . . . 3 12 1 2 . 14 . 17 1 28 25 5 30 . 7 2 4 1 32 11 32 42 6 Allies Corrupted 13 | . . . . . . . 1 . . . . . 1 . . . . 2 . 1 . 1 . 1 4 2 . . Allies Melted 3 | . . . . . . . 1 . 1 . 1 . . . . . . . . . . . . . . . . . Intel | -11 -10 -9 -8 -8 -8 -7 -7 -7 -7 -6 -6 -6 -6 -5 -5 -5 -5 -5 -4 -4 -3 -3 -2 -2 -2 -2 -1 -1 ------- Run | Jun Mat Mat Mat Gar Mat Fac Gar Fac Gar Fac Gar Fac Gar Fac Ext Cet Arc Hub Fac Gar Res Gar Res Gar Res Gar Acc Com Robot Analysis Total . | . . . . . . . . . . . . . . . . . . . . . . . . . . . . . Derelict Logs Recovered . | . . . . . . . . . . . . . . . . . . . . . . . . . . . . . Drone Launches . | . . . . . . . . . . . . . . . . . . . . . . . . . . . . . Drone Recoveries . | . . . . . . . . . . . . . . . . . . . . . . . . . . . . . Exploration | -11 -10 -9 -8 -8 -8 -7 -7 -7 -7 -6 -6 -6 -6 -5 -5 -5 -5 -5 -4 -4 -3 -3 -2 -2 -2 -2 -1 -1 ------------- Run | Jun Mat Mat Mat Gar Mat Fac Gar Fac Gar Fac Gar Fac Gar Fac Ext Cet Arc Hub Fac Gar Res Gar Res Gar Res Gar Acc Com Turns Passed 28654 | 70 293 284 630 1320 457 1051 1168 1476 1409 712 1488 791 2110 301 1183 446 271 985 404 1190 834 2118 121 1277 2814 1786 591 1074 Spaces Moved 13999 | 58 152 130 324 799 275 514 781 865 683 394 727 414 993 177 677 182 93 423 167 436 288 764 38 438 1452 866 294 595 Core 282 | 13 . . . . . 7 . . . . . . . . . . . . . . . 117 . . . . . 145 Treads 3901 | . . . . . . 20 . . . . . . . . . . 3 . . 195 11 376 38 438 1404 866 294 256 Legs 536 | 45 152 102 . . . . . . . . . . . . . . . . . . . 43 . . . . . 194 Wheels 9225 | . . 28 324 799 275 487 781 865 683 394 727 414 993 177 677 182 90 423 167 241 277 173 . . 48 . . . Hover 55 | . . . . . . . . . . . . . . . . . . . . . . 55 . . . . . . Flight . | . . . . . . . . . . . . . . . . . . . . . . . . . . . . . Fastest Speed 50 | 50 120 105 110 100 110 115 120 120 140 155 155 155 170 156 141 130 220 175 175 175 147 50 240 163 138 157 145 50 Average Speed 160 | 104 120 155 118 111 119 139 120 132 158 155 155 175 181 156 145 180 225 214 226 208 249 205 240 240 157 163 151 113 Slowest Speed 1900 | 120 120 260 125 135 125 320 120 165 210 155 155 185 265 156 156 235 240 235 250 250 290 1900 240 243 243 244 165 145 Overloaded Moves . | . . . . . . . . . . . . . . . . . . . . . . . . . . . . . Propulsion Burnouts . | . . . . . . . . . . . . . . . . . . . . . . . . . . . . . Robots Hopped . | . . . . . . . . . . . . . . . . . . . . . . . . . . . . . Cave-ins Triggered . | . . . . . . . . . . . . . . . . . . . . . . . . . . . . . Exploration Rate (%) 39 | 5 31 19 34 72 25 12 78 19 62 9 63 17 83 7 87 57 77 41 4 60 7 53 2 65 37 83 14 15 Regions Visited 28 Branch Regions 5 Pre-discovered Areas . | . . . . . . . . . . . . . . . . . . . . . . . . . . . . . Known Exits Taken 9 | . . . 1 . . 1 . 1 . 1 . 1 . . . . . . 1 . 1 . 1 . 1 . . . Unknown Exits Taken 10 | 1 1 1 . . 1 . . . . . . . . 1 1 1 1 1 . . . . . . . . 1 . Scrap Searched . | . . . . . . . . . . . . . . . . . . . . . . . . . . . . . Spaces Dug 61 | . . . . 2 . 3 12 6 1 . . 1 . 2 . . . . . 9 2 2 . 4 11 6 . . Terrain Destroyed 575 | . . . 39 55 11 3 23 18 28 . . 1 6 2 3 8 2 3 . 148 9 53 3 10 50 85 7 8 Melee 12 | . . . . 2 . 3 . 6 1 . . . . . . . . . . . . . . . . . . . Projectile 184 | . . . . 2 11 . . . 1 . . 1 6 2 3 8 2 3 . 11 9 33 3 10 50 14 7 8 AOE 379 | . . . 39 51 . . 23 12 26 . . . . . . . . . . 137 . 20 . . . 71 . . Terrain Rammed . | . . . . . . . . . . . . . . . . . . . . . . . . . . . . . Walls Destroyed . | . . . . . . . . . . . . . . . . . . . . . . . . . . . . . Machines Disabled . | . . . . . . . . . . . . . . . . . . . . . . . . . . . . . Actions | -11 -10 -9 -8 -8 -8 -7 -7 -7 -7 -6 -6 -6 -6 -5 -5 -5 -5 -5 -4 -4 -3 -3 -2 -2 -2 -2 -1 -1 --------- Run | Jun Mat Mat Mat Gar Mat Fac Gar Fac Gar Fac Gar Fac Gar Fac Ext Cet Arc Hub Fac Gar Res Gar Res Gar Res Gar Acc Com Total 18503 | 64 205 186 464 1095 368 761 962 1120 943 477 1026 476 1245 200 859 251 132 488 190 615 373 1139 58 620 1811 1165 395 815 Wait 1047 | . 10 19 33 11 35 71 20 135 63 56 128 13 48 3 81 16 8 18 2 18 14 30 2 46 81 42 17 27 Move 13978 | 57 151 129 324 798 274 514 780 865 682 394 726 413 992 176 676 181 92 422 166 435 288 763 38 437 1452 865 293 595 Hop . | . . . . . . . . . . . . . . . . . . . . . . . . . . . . . Pick Up 311 | 1 2 7 9 21 3 20 16 15 21 3 16 1 26 2 7 3 2 5 2 15 5 34 . 18 21 25 4 7 Fast Attach 222 | 5 2 8 6 8 6 18 3 9 6 1 3 4 5 . 1 4 . 4 1 3 8 40 . 11 32 8 5 21 Attach 162 | . 1 1 6 8 . 8 4 7 6 1 9 1 12 3 4 3 1 1 8 9 8 14 1 3 12 11 9 11 Detach 116 | . 1 6 5 5 . 9 2 6 6 . 4 3 7 1 2 4 . 1 2 5 10 7 . 2 10 6 7 5 Swap 250 | 1 4 . 5 16 5 6 9 15 16 6 6 3 18 1 6 8 3 8 1 15 3 8 4 13 30 23 2 15 Drop 298 | . 3 3 15 19 12 22 8 10 19 2 8 1 22 1 6 5 . 5 3 8 7 21 2 20 33 27 5 11 Fire 1680 | . 31 13 61 117 33 90 76 41 75 10 87 12 83 5 59 27 26 24 5 107 30 172 11 63 139 117 53 113 Melee 52 | . . . . 5 . 3 1 17 2 4 3 17 . . . . . . . . . . . . . . . . Ram 10 | . . . . . . . . . . . . . . . . . . . . . . . . . . . . 10 Kick . | . . . . . . . . . . . . . . . . . . . . . . . . . . . . . Crush 1 | . . . . . . . . . . . . . . . . . . . . . . . . . 1 . . . Escape Stasis 304 | . . . . 87 . . 40 . 47 . 24 8 32 8 16 . . . . . . 34 . 7 . 1 . . Rewire 72 | . . . . . . . 3 . . . 12 . . . 1 . . . . . . 16 . . . 40 . . Trap . | . . . . . . . . . . . . . . . . . . . . . . . . . . . . . Miscellaneous . | . . . . . . . . . . . . . . . . . . . . . . . . . . . . . Route ------- -11/Junkyard -10/Materials (discovered 3 exits: [*Mat] / [*Min x2]) -9/Materials -8/Materials (discovered 2 exits: *Fac / Gar) -8/Garrison (discovered 3 exits: *Mat x3) -8/Materials -7/Factory -7/Garrison (discovered 3 exits: *Fac x3) -7/Factory (discovered 2 exits: Gar / Gar) -7/Garrison (discovered 3 exits: *Fac x3) -6/Factory (discovered 3 exits: [*Low x2] / Gar) -6/Garrison (discovered 3 exits: *Fac x3) -6/Factory (discovered 2 exits: [*Low] / Gar) -6/Garrison (discovered 3 exits: *Fac x3) -5/Factory -5/Extension (discovered 2 exits: *Fac / *Cet) -5/Cetus (discovered 2 exits: *Fac / [*Arc]) -5/Archives (discovered 2 exits: *Fac / *Hub) -5/Hub_04(d) (discovered 4 exits: *Fac x4) -4/Factory -4/Garrison -3/Research -3/Garrison -2/Research -2/Garrison (discovered 2 exits: *Res x2) -2/Research (discovered 6 exits: *Acc x2 / Qua x2 / Gar / Gar) -2/Garrison (discovered 3 exits: *Acc x3) -1/Access -1/Command History --------- Turn | Location | Event 2 | -11/Junkyard | Met Revision 17 4 | -11/Junkyard | Discovered new exit (range 16) 71 | -11/Junkyard | Entered Materials 228 | -10/Materials | Discovered new exit (range 16) 307 | -10/Materials | Build established: Mutant 322 | -10/Materials | Discovered new exit (range 9) 345 | -10/Materials | Discovered new exit (range 15) 364 | -10/Materials | Entered another Materials area 364 | -9/Materials | Evolved 2 slots: Utility x2 600 | -9/Materials | Discovered new exit (range 16) 648 | -9/Materials | Entered another Materials area 648 | -8/Materials | Evolved 2 slots: Utility x2 1213 | -8/Materials | Discovered new exit (range 8) 1278 | -8/Materials | Identified exit to Garrison 1278 | -8/Materials | Entered Garrison 1362 | -8/Garrison | Triggered checkpoint 1417 | -8/Garrison | Garrison Relay disabled 1490 | -8/Garrison | Spotted B-75 Beast 1511 | -8/Garrison | Destroyed B-75 Beast 1579 | -8/Garrison | Triggered checkpoint 1790 | -8/Garrison | Triggered checkpoint 1827 | -8/Garrison | Build established: Scavenger-Mutant 1838 | -8/Garrison | Garrison Relay disabled 1892 | -8/Garrison | Discovered new exit (range 13) 1970 | -8/Garrison | Triggered checkpoint 2016 | -8/Garrison | Lost 3 parts (1p2u) 2082 | -8/Garrison | Discovered new exit (range 10) 2119 | -8/Garrison | Triggered checkpoint 2121 | -8/Garrison | Core integrity fell below 50% 2172 | -8/Garrison | Installed Relay Interface Framework 2188 | -8/Garrison | Garrison Relay disabled 2246 | -8/Garrison | Triggered checkpoint 2410 | -8/Garrison | Triggered checkpoint 2444 | -8/Garrison | Discovered new exit (range 15) 2488 | -8/Garrison | Triggered checkpoint 2598 | -8/Garrison | Entered Materials 3027 | -8/Materials | Discovered new exit (range 16) 3032 | -8/Materials | Build established: Mutant 3055 | -8/Materials | Entered Factory 3055 | -7/Factory | Evolved 2 slots: Utility x2 3171 | -7/Factory | Fabricated Hcp. Storage Unit (x1) 3364 | -7/Factory | Lost 3 parts (2n1u) 3527 | -7/Factory | Build established: Scavenger-Mutant 4103 | -7/Factory | Identified exit to Garrison 4106 | -7/Factory | Entered Garrison 4106 | -7/Garrison | Accompanied by 2 allies 4184 | -7/Garrison | Triggered checkpoint 4189 | -7/Garrison | Garrison Relay disabled 4274 | -7/Garrison | Found embedded Infiltrators 4305 | -7/Garrison | Triggered checkpoint 4385 | -7/Garrison | Discovered new exit (range 9) 4427 | -7/Garrison | P-70 Sage assimilated allied DK-SPE(x) 4491 | -7/Garrison | Lost 4 parts (1p2u1w) 4495 | -7/Garrison | Build established: Bothacker-Mutant 4538 | -7/Garrison | Triggered checkpoint 4698 | -7/Garrison | Garrison Relay disabled 4742 | -7/Garrison | Discovered new exit (range 11) 4753 | -7/Garrison | Expanded RIF knowledge: Coupler Efficiency 4914 | -7/Garrison | Triggered checkpoint 4997 | -7/Garrison | Garrison Relay disabled 5024 | -7/Garrison | Discovered new exit (range 9) 5274 | -7/Garrison | Entered Factory 5796 | -7/Factory | Build established: Mutant 5867 | -7/Factory | Core integrity fell below 50% 6481 | -7/Factory | Identified exit to Garrison 6750 | -7/Factory | Identified exit to Garrison 6750 | -7/Factory | Entered Garrison 6770 | -7/Garrison | Triggered checkpoint 6814 | -7/Garrison | Garrison Relay disabled 6892 | -7/Garrison | Build established: Bothacker-Mutant 6992 | -7/Garrison | Triggered checkpoint 7020 | -7/Garrison | Destroyed 7 combat bots 7095 | -7/Garrison | Discovered new exit (range 10) 7222 | -7/Garrison | Triggered checkpoint 7270 | -7/Garrison | Garrison Relay disabled 7318 | -7/Garrison | Garrison Relay disabled 7452 | -7/Garrison | Triggered checkpoint 7516 | -7/Garrison | Triggered checkpoint 7555 | -7/Garrison | Discovered new exit (range 12) 7612 | -7/Garrison | Expanded RIF knowledge: Alert ID Control 7664 | -7/Garrison | Discovered new exit (range 43) 7664 | -7/Garrison | Discovered new exit (range 17) 7664 | -7/Garrison | Discovered new exit (range 66) 7731 | -7/Garrison | Garrison Relay disabled 7907 | -7/Garrison | Spotted B-75 Beast 7950 | -7/Garrison | Destroyed B-75 Beast 8159 | -7/Garrison | Entered Factory 8159 | -6/Factory | Evolved 2 slots: Power x1, Utility x1 8555 | -6/Factory | Discovered new exit (range 15) 8597 | -6/Factory | Discovered new exit (range 7) 8871 | -6/Factory | Identified exit to Garrison 8871 | -6/Factory | Entered Garrison 8871 | -6/Garrison | Accompanied by 2 allies 8984 | -6/Garrison | Triggered checkpoint 9039 | -6/Garrison | Garrison Relay disabled 9088 | -6/Garrison | Triggered checkpoint 9132 | -6/Garrison | Triggered checkpoint 9225 | -6/Garrison | Triggered checkpoint 9226 | -6/Garrison | Triggered checkpoint 9228 | -6/Garrison | Triggered checkpoint 9292 | -6/Garrison | Triggered checkpoint 9432 | -6/Garrison | Discovered new exit (range 14) 9459 | -6/Garrison | Expanded RIF knowledge: Signal Jamming 9481 | -6/Garrison | Garrison Relay disabled 9504 | -6/Garrison | Triggered checkpoint 9568 | -6/Garrison | Triggered checkpoint 9763 | -6/Garrison | Build established: Botlord-Mutant 9787 | -6/Garrison | Garrison Relay disabled 9800 | -6/Garrison | Triggered checkpoint 9910 | -6/Garrison | Triggered checkpoint 9924 | -6/Garrison | Discovered new exit (range 15) 10067 | -6/Garrison | Discovered new exit (range 14) 10088 | -6/Garrison | Triggered checkpoint 10129 | -6/Garrison | Spotted B-75 Beast 10151 | -6/Garrison | Garrison Relay disabled 10359 | -6/Garrison | Entered Factory 10961 | -6/Factory | Discovered new exit (range 14) 10974 | -6/Factory | Identified exit to Garrison 11109 | -6/Factory | Fabricated Remote Datajack (x1) 11150 | -6/Factory | Entered Garrison 11190 | -6/Garrison | Triggered checkpoint 11236 | -6/Garrison | Garrison Relay disabled 11390 | -6/Garrison | Triggered checkpoint 11535 | -6/Garrison | Discovered new exit (range 11) 11571 | -6/Garrison | Rescued a captive Derelict 11572 | -6/Garrison | Rescued a captive Derelict 11622 | -6/Garrison | Triggered checkpoint 11636 | -6/Garrison | Garrison Relay disabled 11796 | -6/Garrison | Triggered checkpoint 11895 | -6/Garrison | Expanded RIF knowledge: Autooverride 12052 | -6/Garrison | Triggered checkpoint 12109 | -6/Garrison | Discovered new exit (range 10) 12192 | -6/Garrison | Triggered checkpoint 12218 | -6/Garrison | Triggered checkpoint 12379 | -6/Garrison | Spotted B-75 Beast 12395 | -6/Garrison | Allies destroyed B-75 Beast 12889 | -6/Garrison | Garrison Relay disabled 13128 | -6/Garrison | Triggered checkpoint 13144 | -6/Garrison | Garrison Relay disabled 13213 | -6/Garrison | Learned Factory security intel 13235 | -6/Garrison | Discovered new exit (range 11) 13260 | -6/Garrison | Entered Factory 13260 | -5/Factory | Accompanied by 3 allies 13260 | -5/Factory | Evolved 2 slots: Propulsion x1, Utility x1 13534 | -5/Factory | Discovered new exit (range 15) 13561 | -5/Factory | Entered Extension 13561 | -5/Extension | Accompanied by 4 allies 13697 | -5/Extension | Spotted B-75 Beast 13699 | -5/Extension | Assimilated Beast 6a with formatsys_high 13708 | -5/Extension | Spotted B-75 Beast 13709 | -5/Extension | Assimilated Beast 6b with formatsys_high 14097 | -5/Extension | Rescued a captive Derelict 14098 | -5/Extension | Rescued a captive Derelict 14132 | -5/Extension | Rescued a captive Derelict 14211 | -5/Extension | Disrupted transfer network 14436 | -5/Extension | Rescued A7 14559 | -5/Extension | Rescued a captive Derelict 14670 | -5/Extension | Rescued a captive Derelict 14705 | -5/Extension | Discovered new exit (range 10) 14706 | -5/Extension | Discovered new exit (range 6) 14744 | -5/Extension | Entered Cetus 14744 | -5/Cetus | Accompanied by 14 allies (A7) 14749 | -5/Cetus | Acquired a Cetus Manufacturing Module code from A7 14767 | -5/Cetus | Spotted Cetus Guard 14767 | -5/Cetus | Spotted Cetus Guard 14768 | -5/Cetus | Spotted Cetus Guard 14769 | -5/Cetus | Spotted Cetus Guard 14776 | -5/Cetus | Allies destroyed Cetus Guard 14787 | -5/Cetus | Allies destroyed Cetus Guard 14787 | -5/Cetus | Allies destroyed Cetus Guard 14788 | -5/Cetus | Allies destroyed Cetus Guard 14848 | -5/Cetus | Started Cetus Manufacturing Module 14863 | -5/Cetus | Discovered new exit (range 16) 14873 | -5/Cetus | Manufactured an Enhanced Grunt 14884 | -5/Cetus | Spotted Cetus Guard 14885 | -5/Cetus | Spotted Cetus Guard 14887 | -5/Cetus | Spotted Cetus Guard 14892 | -5/Cetus | Discovered new exit (range 16) 14892 | -5/Cetus | Spotted Cetus Guard 14894 | -5/Cetus | Allies destroyed Cetus Guard 14898 | -5/Cetus | Manufactured an Enhanced Grunt 14901 | -5/Cetus | Allies destroyed Cetus Guard 14907 | -5/Cetus | Allies destroyed Cetus Guard 14908 | -5/Cetus | Met Revision 17 14923 | -5/Cetus | Manufactured an Enhanced Grunt 14948 | -5/Cetus | Manufactured an Enhanced Grunt 14973 | -5/Cetus | Manufactured an Enhanced Grunt 15051 | -5/Cetus | Destroyed A7 15056 | -5/Cetus | Extracted ID and sensor layout for unrecognized location from A7's data core 15190 | -5/Cetus | Entered Archives 15190 | -5/Archives | Accompanied by 7 allies 15250 | -5/Archives | Discovered new exit (range 15) 15372 | -5/Archives | Discovered new exit (range 13) 15461 | -5/Archives | Entered Hub_04(d) 15461 | -5/Hub_04(d) | Accompanied by 9 allies 15636 | -5/Hub_04(d) | Discovered new exit (range 16) 15661 | -5/Hub_04(d) | Discovered new exit (range 13) 15814 | -5/Hub_04(d) | Discovered new exit (range 19) 16008 | -5/Hub_04(d) | Discovered new exit (range 11) 16029 | -5/Hub_04(d) | Identified exit to Garrison 16061 | -5/Hub_04(d) | First assault squad dispatched 16327 | -5/Hub_04(d) | Network Hub disabled 16343 | -5/Hub_04(d) | Spotted Lightning 16343 | -5/Hub_04(d) | Spotted Lightning 16345 | -5/Hub_04(d) | Spotted Lightning 16346 | -5/Hub_04(d) | Allies destroyed Lightning 16362 | -5/Hub_04(d) | Allies destroyed Lightning 16371 | -5/Hub_04(d) | Found Prototype Energy Cannon 16446 | -5/Hub_04(d) | Entered Factory 16446 | -4/Factory | Evolved 2 slots: Propulsion x1, Weapon x1 16446 | -4/Factory | Identified EMDS 16466 | -4/Factory | Lost 4 parts (1p1u2w) 16697 | -4/Factory | Identified exit to Garrison 16850 | -4/Factory | Entered Garrison 16899 | -4/Garrison | Triggered checkpoint 16934 | -4/Garrison | Garrison Relay disabled 17020 | -4/Garrison | Phase Generator disabled 17292 | -4/Garrison | Spotted B-86 Titan 17667 | -4/Garrison | Triggered checkpoint 17671 | -4/Garrison | Triggered checkpoint 17673 | -4/Garrison | Destroyed 10 combat bots 17687 | -4/Garrison | Destroyed B-86 Titan 17798 | -4/Garrison | Garrison Relay disabled 17816 | -4/Garrison | Triggered checkpoint 17895 | -4/Garrison | Discovered new exit (range 12) 18040 | -4/Garrison | Entered Research 18040 | -3/Research | Evolved 2 slots: Utility x2 18395 | -3/Research | P-80 Master assimilated allied Veteran 8a 18834 | -3/Research | First assault squad dispatched 18874 | -3/Research | Identified exit to Garrison 18874 | -3/Research | Entered Garrison 18892 | -3/Garrison | Lost 3 parts (1p2n) 19149 | -3/Garrison | Spotted B-86 Titan 19170 | -3/Garrison | Triggered checkpoint 19216 | -3/Garrison | Triggered checkpoint 19243 | -3/Garrison | Found embedded Infiltrators 19301 | -3/Garrison | Garrison Relay disabled 19348 | -3/Garrison | Triggered checkpoint 19458 | -3/Garrison | Triggered checkpoint 19461 | -3/Garrison | Triggered checkpoint 19523 | -3/Garrison | Destroyed B-86 Titan 19554 | -3/Garrison | Lost 11 parts (1p2n4u4w) 19598 | -3/Garrison | Triggered checkpoint 19637 | -3/Garrison | System corruption reached 10% 19672 | -3/Garrison | Lost 13 parts (1p5n4u3w) 19695 | -3/Garrison | Core integrity fell below 50% 19775 | -3/Garrison | Lost 6 parts (1p2n1u2w) 20145 | -3/Garrison | Garrison Relay disabled 20463 | -3/Garrison | Build established: Botlord-Tank 20534 | -3/Garrison | Discovered new exit (range 12) 20722 | -3/Garrison | Triggered checkpoint 20752 | -3/Garrison | Triggered checkpoint 20756 | -3/Garrison | Garrison Relay disabled 20843 | -3/Garrison | Expanded RIF knowledge: Program Shield 20992 | -3/Garrison | Entered Research 20992 | -2/Research | Accompanied by 3 allies 20992 | -2/Research | Evolved 2 slots: Propulsion x2 21113 | -2/Research | Identified exit to Garrison 21113 | -2/Research | Entered Garrison 21416 | -2/Garrison | Triggered checkpoint 21446 | -2/Garrison | Build established: Botlord-Mutant 21450 | -2/Garrison | Garrison Relay disabled 21635 | -2/Garrison | Spotted B-90 Cyclops 21644 | -2/Garrison | Assimilated Cyclops 9a with formatsys_high 21646 | -2/Garrison | Triggered checkpoint 21655 | -2/Garrison | Triggered checkpoint 21664 | -2/Garrison | Allies destroyed Cyclops 9a 21668 | -2/Garrison | Triggered checkpoint 21682 | -2/Garrison | Triggered checkpoint 21766 | -2/Garrison | Triggered checkpoint 21805 | -2/Garrison | Garrison Relay disabled 21924 | -2/Garrison | Discovered new exit (range 8) 22131 | -2/Garrison | Discovered new exit (range 3) 22246 | -2/Garrison | Expanded RIF knowledge: Threat Obfuscation 22300 | -2/Garrison | Triggered checkpoint 22318 | -2/Garrison | Garrison Relay disabled 22390 | -2/Garrison | Entered Research 22390 | -2/Research | Accompanied by 3 allies 22422 | -2/Research | Spotted B-90 Cyclops 22437 | -2/Research | Destroyed B-90 Cyclops 23099 | -2/Research | System corruption reached 10% 23147 | -2/Research | Lost 4 parts (3u1w) 23157 | -2/Research | Destroyed 7 combat bots 23458 | -2/Research | Lost 6 parts (1p3n2u) 23727 | -2/Research | Identified exit to Garrison 23932 | -2/Research | Spotted B-90 Cyclops 24061 | -2/Research | Garrison activated, responded to threat 24337 | -2/Research | Found Exp. Thermal Shield 24393 | -2/Research | Found Prototype Device 24393 | -2/Research | Identified Exp. Force Field 24404 | -2/Research | Found Prototype Device 24404 | -2/Research | Identified Femtoactuators 24509 | -2/Research | Discovered new exit (range 13) 24523 | -2/Research | Discovered new exit (range 14) 24530 | -2/Research | Identified exit to Access 24609 | -2/Research | Found Antimissile System 24704 | -2/Research | System corruption reached 30% 25084 | -2/Research | Identified exit to Quarantine 25204 | -2/Research | Identified exit to Garrison 25204 | -2/Research | Entered Garrison 25204 | -2/Garrison | Accompanied by 1 ally 25222 | -2/Garrison | Triggered checkpoint 25262 | -2/Garrison | Lost 4 parts (4u) 25306 | -2/Garrison | Garrison Relay disabled 25486 | -2/Garrison | Spotted B-90 Cyclops 25492 | -2/Garrison | Triggered checkpoint 25499 | -2/Garrison | Core integrity fell below 50% 25508 | -2/Garrison | Triggered checkpoint 25509 | -2/Garrison | Triggered checkpoint 25551 | -2/Garrison | Triggered checkpoint 25758 | -2/Garrison | Discovered exit to Access (range 12) 25766 | -2/Garrison | Triggered checkpoint 25808 | -2/Garrison | Triggered checkpoint 25809 | -2/Garrison | Garrison Relay disabled 25942 | -2/Garrison | Triggered checkpoint 25991 | -2/Garrison | Garrison Relay disabled 26038 | -2/Garrison | Garrison Relay disabled 26226 | -2/Garrison | Phase Generator disabled 26243 | -2/Garrison | Discovered exit to Access (range 13) 26260 | -2/Garrison | Triggered checkpoint 26306 | -2/Garrison | Expanded RIF knowledge: Code Merge 26320 | -2/Garrison | Garrison Relay disabled 26378 | -2/Garrison | Spotted Executioner 26386 | -2/Garrison | Rewired Executioner 26398 | -2/Garrison | Allies destroyed Executioner 26408 | -2/Garrison | Rewired Executioner 26647 | -2/Garrison | Discovered exit to Access (range 10) 26676 | -2/Garrison | Rescued a captive Derelict 26680 | -2/Garrison | Triggered checkpoint 26763 | -2/Garrison | Garrison Relay disabled 26990 | -2/Garrison | Entered Access 26990 | -1/Access | Accompanied by 16 allies 26990 | -1/Access | Evolved 2 slots: Power x1, Utility x1 27467 | -1/Access | Spotted B-99 Colossus 27477 | -1/Access | Spotted B-99 Colossus 27499 | -1/Access | Allies destroyed B-99 Colossus 27527 | -1/Access | Allies destroyed B-99 Colossus 27567 | -1/Access | Discovered new exit (range 5) 27581 | -1/Access | Entered Command 27581 | -1/Command | Accompanied by 2 allies 27699 | -1/Command | Disengaged cave seal 27883 | -1/Command | Destroyed 8 combat bots 28063 | -1/Command | Destroyed 7 combat bots 28152 | -1/Command | Spotted M Guard 28152 | -1/Command | Spotted M Guard 28154 | -1/Command | Spotted Combat Programmer 28155 | -1/Command | Spotted Combat Programmer 28182 | -1/Command | Destroyed Combat Programmer 28211 | -1/Command | Destroyed Combat Programmer 28249 | -1/Command | Lost 19 parts (4p4n6u5w) 28433 | -1/Command | Core integrity fell below 50% 28448 | -1/Command | Destroyed M Guard 28528 | -1/Command | Destroyed M Guard 28528 | -1/Command | All MAIN.C guards destroyed 28555 | -1/Command | Lost 9 parts (1p2n4u2w) 28581 | -1/Command | Met MAIN.C 28591 | -1/Command | 0b10 Conduit disabled 28599 | -1/Command | Released all parts (9) 28629 | -1/Command | Lost 6 parts (4n1u1w) 28645 | -1/Command | Core integrity fell below 20% 28655 | -1/Command | Destroyed by MAIN.C with High-powered Disruptor Cannon Last Messages --------------- 28591_ 0b10 Conduit disabled. 28595_ Myomer Leg destroyed. 28595_ Imp. Corruption Screen intercepted 1% system corruption. 28598_ Flexi-carbon Leg destroyed. 28598_ Myomer Leg destroyed. 28598_ Graphene Brace destroyed. 28598_ Imp. Corruption Screen intercepted 1% system corruption. 28599_ Released Neutrino Core. 28599_ Released Lgt. Antimatter Reactor. 28599_ Released Adv. Coolant Injector. 28599_ Released Hacking Suite. 28599_ Released Adv. Targeting Computer. 28599_ Released Imp. Hacking Suite. 28599_ Released Imp. Corruption Screen. 28599_ Released Com. Battery. 28599_ Released Armor Integrity Analyzer. 28623_ K-01 Serf collects debris. 28631_ >W:WQAIXJY R OT,KPND 28639_ The unstable cave ceiling collapses. 28647_ Slammed into MAIN.C. Map ----- +----------------------------------------------------+ | ?????????????????????????????????????????????????? | | ?????????????????????????????????????????????????? | | ?????????????????????????????????????????????????? | | ?????????????????????????????????????????????????? | | ?????????????????????????????????????????????????? | | ?????????????????????????????????????????????????? | | ?????????????????????????????????????????????????? | | ?????????????????????????????????????????????????? | | ?????????????????????????????????????????????????? | | ?????????????????????????????????????????????????? | | ?????????????????????????????????????????????????? | | ?????????????????????????????????????????????????? | | ?????????????????????????????????????????????????? | | ?????????????????????????????????????????????????? | | ?????????????????????????????????????????????????? | | ?????????????????????????????????????????????????? | | ?????????????????????????????????????????????????? | | ?????????????????????????????????????????????????? | | ?????????????????????????????????????????????????? | | #############????????????????????????????????????? | | "" #????????????????????????????????????? | | "" #????????????????????????????????????? | | "" #######################??????????????? | | ""! + MMM% #??????????????? | | ""** + MMM%% #??????????????? | | " ! + MMM@%% p #??????????????? | | " ################### #??????????????? | | " #?????????????????# #??????????????? | | " #?????????????????# ########?####### | | ""#?????????????????# T# #?# # | | """""""#?????????????????#++ #### ### ### | | """""""""#?????????????????# | | """""""""""#?????????????????# % | | " " " " #?????????????????# | | " " " " #?????????????????# % % | | " " """" " #?????????????????# %%% | | " ? ? """" #?????????????????# %#%# ### ### | | ? ?????? ????????????????????###### ### # | | ???????????????????????????????????#######?##### | | ????????????????????????????????????????????###### | | ?????????????????????????????????????????????????? | | ?????????????????????????????????????????????????? | | ?????????????????????????????????????????????????? | | ?????????????????????????????????????????????????? | | ?????????????????????????????????????????????????? | | ?????????????????????????????????????????????????? | | ?????????????????????????????????????????????????? | | ?????????????????????????????????????????????????? | | ?????????????????????????????????????????????????? | | ?????????????????????????????????????????????????? | +----------------------------------------------------+ Best States ------------- Heat Dissipation 163 Coolant Potential 100 Energy Generation 65 Energy Capacity 1040 Matter Stores 300 Matter Capacity 300 Sight Range 16 Terrain Scan Range 16 Terrain Scan Density 210 Jamming Range 12 Corruption Containment 12 Corruption Block 12 Armor Coverage 1125 Resistance: KI 30 Resistance: TH 30 Core Shielding 30 Propulsion Shielding 66 Utility Shielding 66 Weapon Shielding 66 Point Defense Rating 240 Weapon Cycling 30 Phase Shifting 15 Evasion (%) 55 Targeting Accuracy 18 Armor Integrity Analysis 30 Recoil Reduction 6 Particle Charging 15 Salvage Targeting 2 Offensive Hacking 22 Defensive Hacking 12 Relay Coupler Types 8 Relay Coupler Value 310 Item Schematics ----------------- Huge Storage Unit | -8/Materials | Hacked Hcp. Storage Unit | -8/Materials | Hacked Cargo Storage Unit | -8/Materials | Hacked Remote Datajack | -6/Factory | Hacked Robot Schematics ------------------ None Fabricated ------------ Hcp. Storage Unit | x1 | -7/Factory Remote Datajack | x1 | -6/Factory Alien Tech Used ----------------- None Achievements -------------- Corridor Of Doom Meet Your Maker We Are Legion Challenges ------------ None Game ------ Seed ShrapnelWeldingAutocannon Manual? 0 Play Time 05:49:57 Cumulative 85.6 hours Start 2023.03.25 @ 15:12:16 End 2023.03.27 @ 01:56:21 Sessions 17 Manual Loads 0 Difficulty Rogue Special Mode None Game No. 67 Rogue 67 Adventurer 0 Explorer 0 Win Type - Total 1 Types 1/0/0/0/0/0/0/0/0 Lore% 53 Gallery% 67 Achievement% 57 Wizard Run 0 Options --------- ASCII 0 Keyboard 1 Movement Vi Keybinds 0 Fullscreen 2 Font 18/Terminus Map View 76x50 Tactical HUD 1 Map Filters NONE Filters NONE Steam X RUN: 952357fb-338e-4bf8-908a-b7b9bcd78aa3